 Dungeon Sprint DCSS version 0.27-a0-412-g8dd771eca2 (webtiles) character file.

Game seed: 13409737467980768938

962 Gaff the Spear-Bearer (level 7, 0/75 HPs)
             Began as a Minotaur Berserker on Feb 24, 2021.
             Was a Priest of Trog.
             Slain by an ice devil (13 damage)
             ... summoned by a kobold demonologist
             ... in the Dungeon (Sprint I: "Red Sonja").
             The game lasted 00:01:54 (698 turns).

Gaff the Spear-Bearer (Minotaur Berserker)           Turns: 698, Time: 00:01:54

Health: 0/75       AC: -12   Str: 24    XL:     7   Next: 92%
Magic:  6/6        EV: 14    Int:  4    God:    Trog [***...]
Gold:   414        SH:  0    Dex:  9    Spells: 6/6 levels left

rFire    . . .     SeeInvis .   j - +0 scythe
rCold    . . .     Faith    .   (shield currently unavailable)
rNeg     . . .     Spirit   .   i - +0 leather armour
rPois    .         Reflect  .   (helmet restricted)
rElec    .         Harm     .   (no cloak)
rCorr    .         Rampage  .   (no gloves)
Will     ++...     NoTele   +   (no boots)
Stlth    +.........             (no amulet)
HPRegen  1.22/turn              (no ring)
MPRegen  0.10/turn              (no ring)

@: corroded, berserk cooldown, regenerating, slowed, very slow
A: retaliatory headbutt, horns 2
a: Renounce Religion, Berserk, Trog's Hand


You were in the Dungeon.
You worshipped Trog.
Trog was most pleased with you.
You visited 1 branch You collected 414 gold pieces.

Inventory:

Hand Weapons
 a - a +0 spear
 j - a +0 scythe (weapon)
Missiles
 k - 13 arrows
Armour
 b - a +0 animal skin
 i - a +0 leather armour (worn)
Scrolls
 h - a scroll of blinking
Potions
 c - a potion of curing
 d - a potion of heal wounds
 e - a potion of haste
 f - 2 potions of magic
 g - a potion of berserk rage


   Skills:
 + Level 11.9 Fighting
 + Level 14.1 Polearms
 + Level 6.3 Armour
 + Level 7.0 Dodging
 + Level 0.7 Stealth


You had 6 spell levels left.
You didn't know any spells.
Your spell library was empty.

Dungeon Overview and Level Annotations

Branches:
Dungeon (1/1)

Altars:
Cheibriados
Dithmenos
Elyvilon
Fedhas
Gozag
Hepliaklqana
Kikubaaqudgha
Makhleb
Nemelex Xobeh
Okawaru
Qazlal
Ru
Sif Muna
Trog
Uskayaw
Vehumet
Wu Jian
Xom
Yredelemnul
Zin
The Shining One
Jiyva
Lugonu

Shops:
D ?


Innate Abilities, Weirdness & Mutations

You reflexively headbutt those who attack you in melee.
You have a pair of horns on your head.


Message History

The crimson imp blinks!
The kobold demonologist hits you but does no damage.
The kobold demonologist hits you with a +0 dagger.
The rust devil hits you. The rust devil corrodes you! The crimson imp hits you.
The kobold demonologist mumbles some strange words.
The kobold demonologist hits you but does no damage.
You slash the kobold demonologist!
You kill the kobold demonologist!
Trog accepts your kill.
Trog appreciates your killing of a magic user.
The soul eater disappears in a puff of smoke!
The ufetubus disappears in a puff of smoke!
The crimson imp disappears in a puff of smoke!
The rust devil hits you! The rust devil corrodes you!
The shadow imp shouts, "Take thy face hence, thou erky fool-headed pumpion!"
The crimson imp blinks!
The kobold demonologist mumbles some strange words.
The rust devil hits you. The rust devil corrodes you! The shadow imp hits you.
The kobold demonologist hits you with a +0 dagger.
You feel your dexterity returning.
Your Polearms skill increases to level 14!
Your Armour skill increases to level 6!
Your Dodging skill increases to level 7!
You hit the kobold demonologist but do no damage.
The rust devil hits you. The rust devil corrodes you!
The shadow imp closely misses you.
The kobold demonologist hits you with a +0 dagger.
The rust devil completely misses you. The shadow imp barely misses you.
The kobold demonologist hits you with a +0 dagger.
The ice devil hits you! The ice devil freezes you!!
* * * LOW HITPOINT WARNING * * *
Your skin crawls.
You feel strong-willed. The rust devil closely misses you.
You furiously retaliate!
You headbutt the rust devil, but do no damage.
The shadow imp hits you.
* * * LOW HITPOINT WARNING * * *
The kobold demonologist casts a spell.
The ice devil hits you!
You die...

######################
..'..#..'..#__#4@55..#
..#..'[.#..'^.'4K#...#
####'#####'#__#### ..+
###..#...#)#### ##
__####..##.#§≈§
_____##'#_.+§≈§
_.∩...'..._#§≈§.c
_..__##_.#'# +#
_____###+#.#


You could see an ice devil (summoned), a rust devil (summoned), a kobold
demonologist, a crimson imp (summoned) and a shadow imp (summoned).

Vanquished Creatures
  A kobold demonologist (D)
  A slime creature (D)
  A yak (D)
  Sigmund (D)
  A floating eye (D)
  An ogre (D)
  A jelly (D)
  Ijyb (D)
8 creatures vanquished.

Vanquished Creatures (others)
  A gargoyle (D)
1 creature vanquished.

Grand Total: 9 creatures vanquished

Notes
Turn   | Place    | Note
-------+----------+-------------------------------------------
     0 | D        | Gaff the Minotaur Berserker began the quest for the Orb.
     0 | D        | Reached XP level 1. HP: 19/19 MP: 0/0
     2 | D        | Noticed Ijyb
    10 | D        | Killed Ijyb
    11 | D        | Reached skill level 5 in Fighting
    11 | D        | Reached skill level 5 in Polearms
    11 | D        | Reached XP level 2. HP: 29/29 MP: 1/1
    86 | D        | Killed a gargoyle
   152 | D        | Noticed an ogre
   160 | D        | Killed an ogre
   161 | D        | Reached skill level 8 in Polearms
   161 | D        | Reached XP level 3. HP: 39/39 MP: 2/2
   161 | D        | Reached XP level 4. HP: 47/47 MP: 3/3
   243 | D        | Noticed Sigmund
   246 | D        | Killed Sigmund
   246 | D        | Reached ** piety under Trog
   247 | D        | Reached skill level 10 in Polearms
   247 | D        | Reached skill level 5 in Dodging
   247 | D        | Reached XP level 5. HP: 57/57 MP: 4/4
   404 | D        | Found an ornate altar of the Wu Jian Council.
   404 | D        | Found a shimmering blue altar of Sif Muna.
   406 | D        | Found a radiant altar of Vehumet.
   411 | D        | Reached skill level 5 in Armour
   411 | D        | Reached XP level 6. HP: 64/64 MP: 5/5
   418 | D        | Found Fuqeonem's Magic Scroll Emporium.
   418 | D        | Found an ancient bone altar of Kikubaaqudgha.
   418 | D        | Found a hazy altar of Hepliaklqana.
   418 | D        | Found a stormy altar of Qazlal.
   418 | D        | Found a hide-covered altar of Uskayaw.
   418 | D        | Found a blossoming altar of Fedhas.
   418 | D        | Found a bloodstained altar of Trog.
   418 | D        | Found an iron altar of Okawaru.
   418 | D        | Found a basalt altar of Yredelemnul.
   418 | D        | Found a glowing golden altar of the Shining One.
   418 | D        | Found a snail-covered altar of Cheibriados.
   418 | D        | Found a sacrificial altar of Ru.
   418 | D        | Found a glowing silver altar of Zin.
   418 | D        | Found a shadowy altar of Dithmenos.
   418 | D        | Found a white marble altar of Elyvilon.
   418 | D        | Noticed a yak
   422 | D        | Killed a yak
   423 | D        | Reached skill level 10 in Fighting
   423 | D        | Reached skill level 12 in Polearms
   423 | D        | Found an opulent altar of Gozag.
   440 | D        | Found a sparkling altar of Nemelex Xobeh.
   575 | D        | Noticed a centaur warrior
   581 | D        | Found a burning altar of Makhleb.
   581 | D        | Found a viscous altar of Jiyva.
   581 | D        | Found a shimmering altar of Xom.
   581 | D        | Found a corrupted altar of Lugonu.
   581 | D        | Noticed a slime creature
   585 | D        | Killed a slime creature
   585 | D        | Reached *** piety under Trog
   586 | D        | Reached XP level 7. HP: 74/74 MP: 6/6
   673 | D        | Noticed a kobold demonologist
   675 | D        | Paralysed by a floating eye for 4 turns
   680 | D        | Reached skill level 13 in Polearms
   682 | D        | Noticed a kobold demonologist
   684 | D        | Noticed a sixfirhy
   687 | D        | Noticed an ice devil
   694 | D        | Noticed a rust devil
   696 | D        | Noticed a soul eater
   696 | D        | Killed a kobold demonologist
   697 | D        | Reached skill level 14 in Polearms
   697 | D        | Noticed an ice devil
   698 | D        | Slain by an ice devil

Illustrated notes

Levels and vault maps discovered:
D:        dungeon_sprint_1 [red_sonja_temple_1, red_sonja_temple_small_1]

Skill      XL: |  1  2  3  4  5  6  7 |
---------------+----------------------+-----
Fighting       | 5 7 9 11 | 11.9
Polearms       | 5 8 10 12 14 | 14.1
Armour         | 3 4 5 6 |  6.3
Dodging        | 3 5 6 7 |  7.0
Stealth        | |  0.7

Action                   |  1- 3 |  4- 6 |  7- 9 || total
-------------------------+-------+-------+-------++-------
Melee: Spear             |    11 |     1 |       ||    12
       Headbutt          |     1 |     5 |       ||     6
       Scythe            |       |     8 |    20 ||    28
Invok: Berserk           |     2 |     3 |     1 ||     6
       Trog's Hand       |       |       |     1 ||     1
Armor: Leather armour    |       |       |    15 ||    15
Dodge: Dodged            |     2 |     8 |    26 ||    36

Table legend: (Time is in decaauts)
 A = Elapsed time spent in this place.
 B = Non-inter-level travel time spent in this place.
 C = Inter-level travel time spent in this place.
 D = Time resting spent in this place.
 E = Time spent auto-exploring this place.
 F = Levels seen in this place.
 G = Mean time per level.
                   A        B        C        D        E       F      G
               +--------+--------+--------+--------+--------+-----+--------+
         Total |    754 |    754 |      0 |    553 |      0 |   1 |  754.0 |
       Dungeon |    754 |    754 |      0 |    553 |      0 |   1 |  754.0 |
               +--------+--------+--------+--------+--------+-----+--------+

Top non-repeatable levels by time:
       D: 754 daAuts
